Map: Estação Proxima LE

Players

TheZergLord - Winner!

  • Race: Zerg Zerg
  • League: Grandmaster
  • Spawn Location: 1:00

RuFF

  • Race: Terran Terran
  • League: Grandmaster
  • Spawn Location: 7:00

VOD

Have the link to the VOD?

Description

Time

  • Played on: June 14, 2017, 2:20 a.m.
  • Length: 12:58
Show
View Real Time Build Order
Export as new Build Order

TheZergLord Zerg - Winner!

Build Orders: Hatch First 

Get SALT Encoding   

  12  0:01  Drone  
  13  0:12  Overlord  
  13  0:18  Drone  
  14  0:31  Drone x2  
  14  0:35  Drone  
  17  0:53  Hatchery  
  17  0:56  Drone  
  17  0:59  Drone  
  17  1:00  Extractor  
  17  1:14  Spawning Pool  
  16  1:18  Drone  
  16  1:20  Drone  
  18  1:28  Drone  
  19  1:39  Overlord  
  19  2:02  Queen, Metabolic Boost  
  19  2:03  Zergling x4  
  19  2:06  Queen  
  25  2:11  Zergling x2  
  25  2:14  Drone  
  27  2:18  Drone  
  28  2:24  Drone  
  28  2:27  Drone  
  30  2:32  Drone  
  31  2:38  Drone  
  32  2:48  Hatchery  
  32  2:50  Drone x2  
  33  2:54  Overlord  
  33  3:08  Drone x2  
  33  3:11  Drone  
  36  3:18  Overlord  
  36  3:19  Drone x3  
  39  3:22  Drone x2, Queen  
  39  3:26  Drone  
  44  3:39  Overlord  
  44  3:40  Drone x2  
  48  3:46  Drone x2  
  48  3:48  Extractor  
  49  3:49  Drone  
  49  3:50  Extractor  
  47  3:55  Lair  
  47  3:57  Drone x6  
  47  4:02  Queen  
  53  4:05  Queen  
  57  4:11  Drone x3  
  57  4:12  Drone  
  61  4:21  Extractor  
  61  4:22  Drone  
  61  4:23  Overlord  
  61  4:26  Drone x5  
  66  4:34  Spore Crawler  
  66  4:35  Spore Crawler  
  66  4:36  Spore Crawler  
  63  4:40  Overlord  
  63  4:44  Overlord  
  64  4:45  Drone x2  
  64  4:46  Drone  
  66  4:56  Drone, Spire  
  66  5:00  Drone x5  
  66  5:01  Drone  
  66  5:03  Overseer  
  72  5:07  Overseer  
  72  5:08  Queen  
  74  5:17  Drone x5, Extractor  
  74  5:18  Drone, Extractor  
  78  5:33  Drone x3  
  78  5:34  Drone  
  82  5:49  Hatchery  
  77  6:02  Overlord x4  
  77  6:03  Overlord  
  72  6:15  Pneumatized Carapace  
  72  6:21  Mutalisk  
  72  6:22  Mutalisk x9  
  92  6:35  Mutalisk x2  
  92  6:37  Drone x2  
  92  6:38  Drone x3  
  101  6:46  Zerg Flyer Weapons Level 1  
  101  6:49  Mutalisk  
  101  6:52  Hatchery  
  101  6:53  Overlord x2, Extractor  
  101  6:54  Extractor  
  100  7:00  Mutalisk x2  
  104  7:11  Queen  
  104  7:13  Drone x4  
  104  7:14  Drone x2  
  112  7:18  Mutalisk x3  
  112  7:21  Spore Crawler x2  
  116  7:25  Corruptor  
  117  7:30  Corruptor  
  117  7:52  Zergling x8  
  117  7:53  Zergling x2  
  117  7:54  Corruptor x4  
  130  8:02  Evolution Chamber  
  130  8:03  Evolution Chamber  
  130  8:04  Infestation Pit  
  130  8:05  Corruptor x2  
  127  8:08  Zergling x20  
  141  8:19  Drone  
  143  8:20  Drone  
  143  8:30  Corruptor x3  
  149  8:36  Overlord x2  
  149  8:37  Overlord x2  
  149  8:40  Extractor  
  148  8:42  Extractor  
  148  8:43  Zerg Flyer Weapons Level 2  
  148  8:46  Drone, Hive  
  148  8:50  Drone  
  148  8:51  Drone  
  150  9:01  Corruptor x3  
  130  9:46  Corruptor  
  130  9:47  Corruptor x11  
  150  10:08  Zerg Melee Weapons Level 1, Zerg Ground Armor Level 1  
  150  10:10  Ultralisk Cavern  
  150  10:13  Overseer  
  123  10:33  Drone x2  
  123  10:34  Drone x6  
  123  10:35  Drone  
  130  10:47  Overlord x2  
  130  11:12  Chitinous Plating  
  130  11:14  Ultralisk x6  
  166  11:25  Ultralisk x2  
  178  11:35  Overlord  
  178  11:36  Overlord  
  178  11:52  Overlord x2  
  178  11:53  Overlord x2  
  184  11:54  Ultralisk  
  184  12:14  Ultralisk x2  
  196  12:18  Drone x3  
  199  12:31  Hatchery  
Show
View Real Time Build Order
Export as new Build Order

RuFF Terran 

Build Orders: Command Center First (CC) 

Get SALT Encoding   

  12  0:00  SCV  
  13  0:13  SCV  
  14  0:19  Supply Depot  
  14  0:25  SCV  
  15  0:40  SCV  
  16  0:57  Command Center  
  16  1:00  SCV  
  17  1:12  Barracks  
  17  1:15  SCV  
  18  1:20  Refinery  
  18  1:27  SCV  
  18  1:30  Refinery  
  19  1:39  SCV  
  20  1:51  SCV  
  21  2:00  Marine  
  22  2:03  Orbital Command  
  22  2:08  Factory  
  22  2:18  Orbital Command  
  22  2:22  Marine  
  23  2:31  SCV  
  24  2:41  Barracks Tech Lab  
  24  2:43  SCV x2  
  26  2:55  SCV  
  26  2:56  SCV  
  28  3:07  SCV  
  28  3:08  Siege Tank  
  28  3:12  SCV  
  33  3:16  Refinery  
  33  3:17  Refinery  
  33  3:19  SCV  
  34  3:24  SCV  
  34  3:27  Starport  
  35  3:28  Starport  
  35  3:31  SCV  
  35  3:33  Starport  
  36  3:37  SCV  
  36  3:41  Supply Depot  
  37  3:43  Supply Depot  
  37  3:46  SCV  
  38  4:00  Supply Depot  
  38  4:02  SCV x2  
  40  4:04  Starport Tech Lab x2  
  40  4:09  Starport Tech Lab  
  40  4:14  SCV x2  
  42  4:23  Supply Depot  
  42  4:25  Banshee x2  
  42  4:26  SCV  
  42  4:27  Banshee  
  52  4:31  Cloaking Field  
  52  4:35  SCV  
  53  4:39  SCV  
  53  4:44  Hyperflight Rotors  
  54  4:47  SCV  
  54  4:49  Supply Depot  
  54  4:51  SCV  
  56  4:59  SCV  
  57  5:03  SCV  
  58  5:08  Banshee x2  
  58  5:11  SCV, Banshee  
  68  5:15  SCV  
  68  5:16  Supply Depot  
  69  5:23  Supply Depot  
  69  5:29  SCV  
  69  5:32  Starport  
  71  5:35  SCV  
  71  5:40  Liberator x2  
  71  5:46  Command Center  
  71  5:53  Liberator  
  68  5:58  Liberator  
  80  6:19  Supply Depot  
  80  6:21  Supply Depot  
  80  6:23  Engineering Bay  
  80  6:34  Supply Depot  
  80  6:35  Supply Depot  
  80  6:40  Viking x2  
  80  6:46  SCV  
  85  6:54  Starport Reactor  
  85  6:58  Viking  
  87  7:10  Viking x2  
  87  7:12  Missile Turret  
  87  7:14  Missile Turret  
  91  7:17  Missile Turret  
  90  7:28  Refinery x2, Missile Turret  
  90  7:29  Missile Turret  
  90  7:31  Viking  
  90  7:32  Viking x2  
  90  7:36  Planetary Fortress  
  96  7:41  Refinery  
  97  7:49  Liberator x2  
  96  7:52  Liberator  
  98  8:00  Hellion  
  105  8:15  SCV  
  106  8:21  Viking x2  
  110  8:28  Supply Depot x2  
  110  8:29  Supply Depot x2  
  110  8:31  Missile Turret  
  110  8:32  Missile Turret  
  109  8:40  Missile Turret, SCV x3  
  112  8:45  Armory  
  112  8:52  Viking x2, SCV x3  
  112  8:53  Viking  
  121  8:55  Missile Turret  
  121  9:02  Viking x2  
  123  9:04  SCV x2  
  123  9:06  SCV  
  123  9:08  Refinery  
  126  9:11  Missile Turret x2  
  126  9:16  SCV x2  
  128  9:33  Barracks  
  128  9:45  Viking x4  
  124  9:46  Viking  
  124  9:52  Terran Ship Weapons Level 1  
  129  10:13  Liberator x4  
  129  10:14  Liberator  
  87  10:38  Missile Turret x2  
  87  10:39  Missile Turret  
  87  10:40  Missile Turret  
  87  10:41  Missile Turret  
  87  10:45  Missile Turret x2, SCV x2  
  87  10:46  Missile Turret x2, SCV  
  87  10:47  Missile Turret x2  
  90  10:56  Liberator x4  
  90  11:02  Liberator  
  90  11:03  Command Center  
  105  11:32  Supply Depot  
  105  11:33  Supply Depot  
  105  11:39  Liberator x2  
  105  11:43  Command Center  
  105  11:57  Factory  
  111  12:13  Factory  
  111  12:15  Factory  
  111  12:20  Orbital Command  
  110  12:27  Hellion  
  112  12:34  Armory  
Tags
 
Add a new tag
Caveats
  • Supply blocks, unpowered buildings, or Contaminate may cause inaccurate times.
  • Supply counts are checked every 10 seconds.